 Dungeon Crawl Stone Soup version 0.29.1-2-gbd0b4ee654 (webtiles) character file.

Game seed: 3380469503972329871

86 Hadkhar the Magician (level 4, 0/33 HPs)
             Began as a Djinni Hedge Wizard on Oct 29, 2022.
             Constricted to death by a ball python (1 damage)
             ... on level 2 of the Dungeon on Oct 30, 2022.
             The game lasted 00:13:07 (3685 turns).

Hadkhar the Magician (Djinni Hedge Wizard)          Turns: 3685, Time: 00:13:09

Health: 0/33       AC:  3    Str:  9    XL:     4   Next: 77%
Gold:   109        EV:  8    Int: 17    God:
                   SH:  0    Dex: 13

rFire   + + .      SeeInvis .   a - +0 dagger
rCold   x . .      Faith    .   (no shield)
rNeg    . . .      Spirit   .   k - +0 leather armour
rPois   ∞          Reflect  .   (no helmet)
rElec   .          Harm     .   (no cloak)
rCorr   .          Rampage  .   (no gloves)
Will    .....                   (boots unavailable)
Stlth   ++........              (no amulet)
HPRegen 0.11/turn               (no ring)
MPRegen 0.00/turn               (no ring)

@: flying, constricted
A: sickness immunity, fire resistance 2, cold vulnerability 1, float, innate
caster, HP casting, extra vitality 1
a: no special abilities


You were on level 2 of the Dungeon.
You visited 1 branch of the dungeon, and saw 2 of its levels.

You collected 109 gold pieces.

Inventory:

Hand Weapons
 a - a +0 dagger (weapon)
Armour
 b - a +0 robe
 c - a +0 hat
 k - a +0 leather armour (worn)
Scrolls
 e - a scroll of fog {unknown}
 g - a scroll of poison {unknown}
 j - a scroll of blinking {unknown}
 l - a scroll of identify
Potions
 d - a potion of heal wounds {unknown}
 f - a potion of degeneration
 h - 2 potions of mutation
 i - 3 potions of curing


   Skills:
 + Level 1.7 Fighting
 - Level 2.1 Dodging
 + Level 2.3 Stealth
 * Level 3.3 Spellcasting


You couldn't memorise any spells.
You knew the following spells:

 Your Spells              Type           Power      Damage    Failure   Level
a - Magic Dart            Conj           56%        1d5       6%          1
b - Blink                 Tloc           28%        N/A       10%         2
c - Call Imp              Summ           14%        N/A       10%         2
d - Slow                  Hex            56%        N/A       6%          1
e - Conjure Flame         Conj/Fire      14%        6-21      19%         3
f - Mephitic Cloud        Conj/Pois/Air  14%        N/A       19%         3
g - Summon Small Mammal   Summ           56%        N/A       6%          1
Your spell library was empty.

Dungeon Overview and Level Annotations

Branches:
Dungeon (2/15)

Altars:

Shops:
D:2 *


Innate Abilities, Weirdness & Mutations

You are immune to sickness and miasma.
You are immune to poison.
Your flesh is very heat resistant. (rF++)
You are vulnerable to cold. (rC-)
You float through the air rather than walking.
You learn spells naturally, not from books.
Your magical power is your life essence.
You have superior vitality. (+4 MHP)


Message History

The adder is severely wounded.
The adder barely misses you. The ball python bites you.
The ball python constricts you.
* * * LOW HITPOINT WARNING * * *
The adder bites you but does no damage. The ball python barely misses you.
The ball python constricts you.
* * * LOW HITPOINT WARNING * * *
You escape the ball python's grasp.
The adder attacks as you move away! The adder bites you.
* * * LOW HITPOINT WARNING * * *
Casting: Magic Dart (safe; 6% risk of failure)
Confirm with . or Enter, or press ? or * to list all spells.
You blink.
* * * LOW HITPOINT WARNING * * *
Casting: Blink (safe; 10% risk of failure)
Confirm with . or Enter, or press ? or * to list all spells.
A beastly little devil appears in a puff of flame.
* * * LOW HITPOINT WARNING * * *
A goblin comes into view. It is wielding a +0 dagger of draining.
You barely miss the ball python. The ball python misses you.
The ball python closely misses you.
You hit the ball python.
The ball python is heavily wounded.
The ball python bites you but does no damage.
The ball python barely misses you.
Your crimson imp blinks!
You barely miss the ball python.
The ball python is heavily wounded.
The ball python bites you but does no damage.
The ball python closely misses you.
The goblin hits your crimson imp with a +0 dagger of draining.
Your crimson imp closely misses the goblin.
You closely miss the ball python.
The ball python is heavily wounded.
You feel stable enough to blink again.
The ball python barely misses you. x2; The adder bites you.
* * * LOW HITPOINT WARNING * * *
The ball python misses you. The ball python grabs you.
The ball python constricts you.
You die...

.........#.......###..#.#....
..###....######...#..##.# ..
#......# #..###(.### #......#
#.## ##..# #......#
#..#.#..## ###+#..# ##...).##
...##########...#.
#.........S......
....g5..§@S........
#.#.#################..#
#.#.# #### #..# #.#.#### ...
#..# .. #......###.### ###
#..# . #............. ..#
#..# #.#.##.....#####.####..#
#.#.................#..#
#.#........##.##.##.#..#


You could see an adder, a goblin (ally target), a ball python and a friendly
crimson imp (summoned).

Vanquished Creatures
  4 adders (D:2)
  A worm (D:2)
  2 dart slugs
  An endoplasm (D:1)
  3 giant cockroaches (D:1)
  10 goblins
  4 hobgoblins
  A quokka (D:1)
  3 ball pythons
  2 bats (D:1)
  3 frilled lizards (D:1)
  5 kobolds
  5 rats
44 creatures vanquished.

Vanquished Creatures (others)
  3 plants (D:2)
3 creatures vanquished.

Grand Total: 47 creatures vanquished

Notes
Turn   | Place    | Note
-------+----------+-------------------------------------------
     0 | D:1      | Hadkhar the Djinni Hedge Wizard began the quest for the
                  | Orb.
     0 | D:1      | Hadkhar set off with the following spells memorised: Magic
                  | Dart, Blink, Call Imp, Slow, Conjure Flame, Mephitic Cloud.
     0 | D:1      | Reached XP level 1. HP: 15/15 MP: 0/0
   307 | D:1      | Reached XP level 2. HP: 19/22 MP: 0/0
   830 | D:1      | Reached XP level 3. HP: 20/26 MP: 0/0
   830 | D:1      | Learned a level 1 spell: Summon Small Mammal
   954 | D:1      | Reached skill level 1 in Fighting
  2019 | D:2      | Reached skill level 3 in Spellcasting
  2395 | D:2      | Reached XP level 4. HP: 12/32 MP: 0/0
  3016 | D:2      | Found Momuic's Assorted Antiques.
  3685 | D:2      | HP: 1/33 [adder (1)]
  3685 | D:2      | Constricted to death by a ball python

Illustrated notes

Levels and vault maps discovered:
D:1:      nicolae_arrival_somewhat_less_tricky_arrival, layout_basic,
          kennysheep_decorative_pillar, minmay_heptomino_h4
D:2:      layout_basic, serial_shops, shop, nicolae_shop_overgrown_old_shop,
          minmay_between

Skill      XL: |  1  2  3 |
---------------+----------+-----
Fighting       | 1 |  1.7
Stealth        | 2 |  2.3
Spellcasting   | 3 |  3.3
Dodging        | |  2.1

Action                   |  1- 3 |  4- 6 || total
-------------------------+-------+-------++-------
Melee: Dagger            |    46 |    80 ||   126
       Punch             |       |     1 ||     1
 Cast: Magic Dart        |    73 |     8 ||    81
       Call Imp          |     2 |     1 ||     3
       Blink             |     1 |     1 ||     2
  Use: Scroll            |     3 |       ||     3
 Stab: Sleeping          |       |     1 ||     1
Armor: Robe              |     7 |       ||     7
       Leather armour    |     7 |    25 ||    32
Dodge: Dodged            |    25 |    47 ||    72
